 Dungeon Crawl Stone Soup version 0.18-a0-1202-g796ae12 (webtiles) character file.

33315 Ghalim the Fighter (level 13, -36/90 HPs)
             Began as a Gargoyle Fighter on Jan 30, 2016.
             Was the Champion of Okawaru.
             Killed from afar by edsrzf's ghost (61 damage)
             ... with a flame tongue
             ... on level 6 of the Lair of Beasts on Jan 31, 2016.
             The game lasted 01:03:09 (19385 turns).

Ghalim the Fighter (Gargoyle Fighter)              Turns: 19385, Time: 01:03:09

Health: -36/90     AC: 31    Str: 25    XL:     13   Next: 70%
Magic:  13/13      EV: 11    Int:  9    God:    Okawaru [******]
Gold:   1027       SH: 15    Dex: 18    Spells: 0 memorised, 12 levels left

rFire  x . .     SeeInvis .     J - +7 morningstar of Hospitality {drain, Fragile rElec rF- MR+++ Dex+4}
rCold  + + .     Gourm    .     D - +0 plate armour
rNeg   + . .     Faith    .     c - +0 shield
rPois  ∞         Spirit   .     t - +1 hat {rC+}
rElec  +         Dismiss  .     u - +1 cloak
rCorr  +         Reflect  .     x - +0 pair of gloves {rC+}
SustAt .         Harm     .     (no boots)
MR     +++..                    b - amulet of magic regeneration
Stlth  ..........               I - ring of Bemnaci {Dex+5 Stlth+}
                                v - ring of resist corrosion

@: about to teleport, heroism, drained, extremely resistant to hostile
enchantments, extremely unstealthy
A: negative energy resistance 1, electricity resistance, unbreathing,
petrification resistance, rot immunity, AC +9
a: Heroism, Finesse, Renounce Religion


You were on level 6 of the Lair of Beasts.
You worshipped Okawaru.
Okawaru was exalted by your worship.
You were not hungry.

You visited 3 branches of the dungeon, and saw 16 of its levels.
You also visited: Ice Cave.

You collected 1027 gold pieces.

Inventory:

Hand Weapons
 h - a +1 flail of freezing
 z - the +6 great mace of Internal Strife {venom, rF++ rC+}
   (Okawaru gifted it to you on level 2 of the Lair of Beasts)

   It poisons the flesh of those it strikes.
   It greatly protects you from fire.
   It protects you from cold.
 E - a +0 flail of protection
 J - the +7 morningstar of Hospitality (weapon) {drain, Fragile rElec rF- MR+++ Dex+4}
   (Okawaru gifted it to you on level 4 of the Lair of Beasts)

   A truly terrible weapon, it drains the life of those it strikes.
   It affects your dexterity (+4).
   It makes you vulnerable to fire.
   It insulates you from electricity.
   It affects your resistance to hostile enchantments.
   It will be destroyed if unequipped.
Armour
 c - a +0 shield (worn)
 r - a +0 cloak
 t - a +1 hat of cold resistance (worn)
 u - a +1 cloak (worn)
 x - a +0 pair of gloves of cold resistance (worn)
 D - a +0 plate armour (worn)
 P - the cursed +0 leather armour "Tunif" {rN+, unknown}
   (You found it on level 4 of the Lair of Beasts)

   It protects you from negative energy.
   It has a curse placed upon it.
Jewellery
 b - an amulet of magic regeneration (around neck)
 v - a ring of resist corrosion (left hand)
 w - an uncursed amulet of faith {unknown}
 I - the ring of Bemnaci (right hand) {Dex+5 Stlth+}
   (You found it on level 3 of the Lair of Beasts)

   [ring of stealth]

   It affects your dexterity (+5).
   It makes you more stealthy.
Wands
 B - a wand of teleportation (0/9)
 F - a wand of lightning (8/15)
 L - a wand of fireball (7/15)
 S - a wand of hasting (3/9)
Scrolls
 d - a scroll of brand weapon
 e - 5 scrolls of enchant armour
 g - 3 scrolls of remove curse
 m - a scroll of magic mapping {unknown}
 o - 2 scrolls of recharging {unknown}
 p - 2 scrolls of teleportation
 y - 5 scrolls of fog
 C - a scroll of blinking
 M - a scroll of silence {unknown}
 O - 3 scrolls of identify
Potions
 i - a potion of heal wounds
 j - 3 potions of mutation
 n - 4 potions of curing
 q - 3 potions of flight
 s - a potion of resistance
 A - a potion of experience
 G - a potion of magic
 H - a potion of berserk rage
 K - a potion of cure mutation
 T - a potion of beneficial mutation {unknown}
Books
 N - a book of Geomancy

   Spells                             Type                      Level
   a - Sandblast                      Earth                        1
   b - Stoneskin                      Transmutation/Earth          2
   c - Passwall                       Transmutation/Earth          3
   d - Stone Arrow                    Conjuration/Earth            3
   e - Petrify                        Transmutation/Earth          4
   f - Lee's Rapid Deconstruction     Earth                        5
Miscellaneous
 R - an ornate deck of defence
 U - a phantom mirror
Comestibles
 a - 6 beef jerkies
 f - 13 bread rations
 k - 9 fruits
 l - 7 meat rations
 Q - 3 chunks of flesh


   Skills:
 + Level 14.1(18.8) Fighting
 + Level 14.1(18.8) Maces & Flails
 - Level 10.3(15.0) Armour
 - Level 10.3(15.0) Shields


You had 12 spell levels left.
You didn't know any spells.

Dungeon Overview and Level Annotations

Branches:
Dungeon (9/15)             Temple (1/1) D:5            Lair (6/8) D:8
  Snake (0/4) Lair:4          Orc (0/2) D:9
  Swamp: Lair:3-6    Shoals: Lair:3-6     Slime: Lair:6-8

Altars:
Ashenzari
Cheibriados
Dithmenos
Elyvilon
Fedhas
Gozag
Kikubaaqudgha
Nemelex Xobeh
Okawaru
Pakellas
Qazlal
Ru
Sif Muna
Trog
Xom
Yredelemnul
Zin
The Shining One

Shops:
D:4 =   D:6 !   D:7 !   D:8 (   D:9 !

Annotations:
D:3 chequers's ghost, amateur DEFE
Lair:6 edsrzf's ghost, journeyman DrFE


Innate Abilities, Weirdness & Mutations

You are resistant to torment.
Your stone body is resilient (AC +9).
You are immune to poison.
You resist negative energy.
You are resistant to electric shocks.
You can survive without breathing.
You are immune to petrification.
You are immune to rotting.


Message History

You closely miss edsrzf's ghost. Edsrzf's ghost casts a spell at you.
The flame tongue hits you! The fire burns you terribly!
* * * LOW HITPOINT WARNING * * *
You bludgeon edsrzf's ghost!!
Edsrzf's ghost is lightly damaged.
Drink which item? (? for menu, Esc to quit)
You feel much better. Edsrzf's ghost hits you.
* * * LOW HITPOINT WARNING * * *
Drink which item? (? for menu, Esc to quit)
Okay, then.
Evoke which item? (* to show all) (? for menu, Esc to quit)
Zapping:
B - a wand of teleportation (will waste charges)
Press: ? - help, Shift-Dir - straight line, f - you You feel strangely unstable.
Evoking this partially-identified wand wasted a few charges.
Edsrzf's ghost casts a spell at you. The flame tongue hits you!
The fire burns you terribly!
Ouch! That really hurt!
You die...

........P##.#.#.#
.###..P÷P###$.P.#.
##.P..........(
##.P............
#.....##........
##...#..........
#...P#.#..##..#.
##....#.#.## #...
#...##.@#.# #..
###..##...W.## ..
#...###......##
###..####.#..P#
#..#.#.#.#..#
###....#...##
#..###....# #.##
##..## #..# #....#


You could see edsrzf's ghost.

Vanquished Creatures
  5 hydras
  5 death yaks (Lair:6)
  Nergalle (Lair:2)
  A fire crab (Lair:6)
  The ghost of chequers the Grappler, a novice TrWz of Cheibriados (D:6)
  4 elephants (Lair:3)
  2 ice statues (IceCv)
  4 black mambas
  8 spiny frogs
  11 komodo dragons
  10 ice devils (IceCv)
  2 fire drakes
  A two-headed ogre (D:8)
  A polar bear (Lair:5)
  3 blink frogs (Lair:4)
  14 yaks
  2 basilisks
  2 wyverns
  3 hippogriffs
  19 wolves
  2 nagas (Lair:4)
  7 water moccasins
  The ghost of chequers the Firebug, an amateur DEFE (D:4)
  7 porcupines
  A black bear (D:7)
  5 orc warriors
  3 ice beasts
  3 ogres
  A phantom (D:8)
  A necrophage (D:9)
  13 crocodiles
  5 centaurs
  11 giant frogs
  2 jellies (D:6)
  3 scorpions
  6 crimson imps
  2 giant frog zombies
  5 hounds
  A quasit (D:6)
  5 orc priests
  10 orc wizards
  Crazy Yiuf (D:2)
  2 giant frog skeletons
  Natasha (thrice) (D:4)
  Terence (D:2)
  7 iguanas
  6 worker ants
  2 hell rats (Lair:3)
  29 sheep
  A hound zombie (D:7)
  5 hound skeletons
  10 adders
  7 gnolls
  41 river rats
  A shadow imp (D:9)
  7 white imps (IceCv)
  6 ufetubi (IceCv)
  3 oozes
  An adder zombie (D:8)
  An adder skeleton (D:9)
  2 worms
  4 giant geckos
  61 orcs
  15 bats
  7 giant cockroaches
  9 goblins
  6 hobgoblins
  8 jackals
  3 quokkas
  A ball python (D:1)
  A giant gecko skeleton (D:6)
  6 giant newts
  11 kobolds
  A quokka zombie (D:6)
  18 rats
  2 fungi (Lair:3)
482 creatures vanquished.

Vanquished Creatures (others)
  2 white imps (IceCv)
  2 ufetubi (IceCv)
  7 fungi
  4 plants
15 creatures vanquished.

Grand Total: 497 creatures vanquished

Notes
Turn   | Place    | Note
--------------------------------------------------------------
     0 | D:1      | Ghalim the Gargoyle Fighter began the quest for the Orb.
     0 | D:1      | Reached XP level 1. HP: 14/14 MP: 1/1
   195 | D:1      | Reached XP level 2. HP: 18/20 MP: 2/2
   439 | D:1      | Reached skill level 4 in Fighting
   594 | D:1      | Reached XP level 3. HP: 22/24 MP: 3/3
   930 | D:2      | Noticed Terence
  1183 | D:2      | Reached XP level 4. HP: 25/29 MP: 4/4
  1366 | D:3      | Noticed chequers's ghost (amateur DEFE)
  1396 | D:2      | Killed Terence
  1471 | D:3      | Found a shadowy altar of Dithmenos.
  1578 | D:3      | Reached XP level 5. HP: 32/34 MP: 5/5
  1810 | D:2      | Found an opulent altar of Gozag.
  2127 | D:2      | Noticed Crazy Yiuf
  2171 | D:2      | Killed Crazy Yiuf
  2729 | D:3      | Reached skill level 5 in Maces & Flails
  3128 | D:4      | Reached XP level 6. HP: 37/40 MP: 6/6
  3150 | D:4      | Reached skill level 5 in Fighting
  3306 | D:4      | Found a sacrificial altar of Ru.
  3335 | D:4      | Noticed chequers's ghost (amateur DEFE)
  3974 | D:4      | Killed chequers's ghost
  3974 | D:4      | Reached skill level 6 in Maces & Flails
  4149 | D:4      | Reached XP level 7. HP: 36/44 MP: 7/7
  4226 | D:4      | Noticed Natasha
  4235 | D:4      | Killed Natasha
  4410 | D:4      | Noticed Natasha
  4427 | D:4      | Killed Natasha
  4436 | D:4      | Noticed Natasha
  4440 | D:4      | Killed Natasha
  4708 | D:4      | Found Wanojuu's Jewellery Boutique.
  4815 | D:3      | Found an opulent altar of Gozag.
  4844 | D:5      | Entered Level 5 of the Dungeon
  4881 | D:4      | Reached skill level 7 in Maces & Flails
  5569 | D:5      | Found a stormy altar of Qazlal.
  5569 | D:5      | Found a white marble altar of Elyvilon.
  5571 | D:5      | Found an opulent altar of Gozag.
  5602 | D:5      | Found a bloodstained altar of Trog.
  5605 | D:5      | Found a shattered altar of Ashenzari.
  5658 | D:5      | Reached XP level 8. HP: 44/52 MP: 8/8
  5725 | D:5      | Found a staircase to the Ecumenical Temple.
  5777 | Temple   | Entered the Ecumenical Temple
  5786 | Temple   | Became a worshipper of Warmaster Okawaru
  5941 | D:6      | Found Qone's Distillery.
  5945 | D:6      | Noticed chequers's ghost (novice TrWz)
  7021 | D:6      | Found a glowing silver altar of Zin.
  7026 | D:6      | Reached skill level 8 in Maces & Flails
  7487 | D:6      | Killed chequers's ghost
  7487 | D:6      | Reached * piety under Okawaru
  7487 | D:6      | Reached skill level 9 in Maces & Flails
  7487 | D:6      | Reached XP level 9. HP: 55/59 MP: 9/9
  8429 | D:7      | Reached ** piety under Okawaru
  8590 | D:7      | Reached skill level 10 in Maces & Flails
  8788 | D:7      | Got an ancient mace
  8852 | D:7      | Found Adgharghou's Distillery.
  9094 | D:7      | Identified the +5 mace of Precise Incision {pain, *Confuse +Inv rElec rPois} (You found it on level 7 of the Dungeon)
  9114 | D:8      | Noticed a two-headed ogre
  9324 | D:8      | Found a shadowy altar of Dithmenos.
  9415 | D:8      | Found Afa Rov's Antique Weapon Boutique.
  9715 | D:8      | Found a staircase to the Lair.
  9721 | D:8      | Reached *** piety under Okawaru
  9828 | D:8      | Reached skill level 10 in Fighting
  9897 | D:8      | Killed a two-headed ogre
  9897 | D:8      | Reached XP level 10. HP: 68/68 MP: 7/10
 10227 | D:9      | Reached skill level 5 in Armour
 10227 | D:9      | Reached skill level 5 in Shields
 10230 | D:9      | Found a staircase to the Orcish Mines.
 10604 | D:9      | Found Pumeagao's Distillery.
 10960 | Lair:1   | Entered Level 1 of the Lair of Beasts
 10972 | D:8      | Reached **** piety under Okawaru
 11151 | Lair:1   | Noticed a spiny frog
 11169 | Lair:1   | Killed a spiny frog
 11223 | Lair:1   | Noticed a black mamba
 11242 | Lair:1   | Killed a black mamba
 11476 | Lair:1   | Noticed a spiny frog
 11490 | Lair:1   | Killed a spiny frog
 11494 | Lair:1   | Reached ***** piety under Okawaru
 11494 | Lair:1   | Reached XP level 11. HP: 54/72 MP: 11/11
 12448 | Lair:2   | Noticed Nergalle
 12490 | Lair:2   | Found a white marble altar of Elyvilon.
 12681 | Lair:2   | Noticed a six-headed hydra
 12694 | Lair:2   | Killed a six-headed hydra
 12694 | Lair:2   | Received a gift from Okawaru
 12700 | Lair:2   | Got a dazzling great mace {god gift}
 12706 | Lair:2   | Identified the +6 great mace of Internal Strife {venom, rF++ rC+} (Okawaru gifted it to you on level 2 of the Lair of Beasts)
 13068 | Lair:2   | Got a crude ring mail
 13319 | Lair:2   | Killed Nergalle
 13319 | Lair:2   | Reached skill level 10 in Armour
 13319 | Lair:2   | Reached skill level 10 in Shields
 13491 | Lair:2   | Identified the +1 ring mail "Emua" {rElec rPois Int+9 Slay-6} (You found it on level 2 of the Lair of Beasts)
 13940 | Lair:3   | Reached skill level 11 in Maces & Flails
 14064 | Lair:3   | Reached XP level 12. HP: 71/78 MP: 12/12
 14389 | Lair:3   | Noticed a six-headed hydra
 14391 | Lair:3   | Noticed a five-headed hydra
 14410 | Lair:3   | Killed a six-headed hydra
 14416 | Lair:3   | Killed a five-headed hydra
 14440 | Lair:3   | Got a twitching brass ring
 14623 | Lair:3   | Reached ****** piety under Okawaru
 14853 | Lair:3   | Identified the ring of Bemnaci {Dex+5 Stlth+} (You found it on level 3 of the Lair of Beasts)
 14959 | Lair:4   | Reached skill level 12 in Maces & Flails
 15312 | Lair:4   | Found a staircase to the Snake Pit.
 15322 | Lair:4   | Noticed a five-headed hydra
 15323 | Lair:4   | Received a gift from Okawaru
 15334 | Lair:4   | Killed a five-headed hydra
 15340 | Lair:4   | Got a shimmering morningstar {god gift}
 15405 | Lair:4   | Identified the +7 morningstar of Hospitality {drain, Fragile rElec rF- MR+++ Dex+4} (Okawaru gifted it to you on level 4 of the Lair of Beasts)
 15414 | Lair:4   | Got an ichor-stained leather armour
 16301 | Lair:5   | Reached XP level 13. HP: 60/87 MP: 13/13
 16433 | Lair:5   | Reached skill level 13 in Maces & Flails
 16586 | Lair:5   | Found a frozen archway.
 16595 | IceCv    | Entered an ice cave
 18751 | Lair:6   | Noticed edsrzf's ghost (journeyman DrFE)
 19011 | Lair:6   | Received a gift from Okawaru
 19072 | Lair:6   | Reached skill level 14 in Maces & Flails
 19385 | Lair:6   | Killed from afar by edsrzf's ghost

Vault maps used:
D:1:      lightli_arrival_noodles
D:2:      minmay_misc_feat_chi, grunt_gozag_breadcrumbs,
          uniq_crazy_yiuf_cottage, uniq_terence
D:3:      lemuel_upstairs_altar, lemuel_round_altar, amethyst_killhole,
          kennysheep_another_room, hex_medium, kennysheep_generic_room_13
D:4:      first_bread, serial_shops, nicolae_shop_window_shopping,
          hangedman_feature_mirror, nicolae_ru_sacrificial_ziggurat,
          uniq_natasha
D:5:      grunt_temple_overflow_open, minmay_temple_entry_hall,
          dk_noncrumbling_2, grunt_ministairs_6, kennysheep_nub
D:6:      overflow_temple_1_default, serial_shops, shop_fountains
D:7:      serial_shops, nicolae_shop_waterfront
D:8:      grunt_lair_entry_orc_guard_hut, basic_altar, special_room,
          serial_shops, nicolae_shop_crystal
D:9:      hiddenorc2_lemuel, serial_shops, nicolae_shop_behind_doors
Temple:   circular_temple_13
Lair:1:   zaba_anthole, serial_bayou_shore_a
Lair:2:   basic_altar, guppyfry_lair_drakes, grunt_megastairs_3,
          serial_bayou_shore_b, uniq_nergalle
Lair:3:   kennysheep_abandoned_house, hibernation_bobbens
Lair:4:   guppyfry_snake_entry_island, grunt_megastairs_1
Lair:5:   portal_ice_cave_entry_pillars_01, minivault_26, beast_lair_carwin_1
Lair:6:   elwin_shoals_entry_stream, lemuel_fruit_tree
IceCv:    ice_cave_small_demon

Action                   |  1- 3 |  4- 6 |  7- 9 | 10-12 | 13-15 || total
-------------------------+-------+-------+-------+-------+-------++-------
Melee: Flail             |   141 |   267 |   485 |  1001 |       ||  1894
       Morningstar       |       |       |       |    77 |   240 ||   317
Invok: Heroism           |       |       |     2 |     6 |     5 ||    13
Evoke: Wand              |       |       |       |       |     1 ||     1
  Use: Scroll            |       |     3 |     8 |    14 |     3 ||    28
       Potion            |       |       |     2 |     2 |     2 ||     6
  Eat: Chunk             |       |     6 |    19 |    21 |     1 ||    47
       Meat ration       |       |     1 |       |       |     1 ||     2
       Beef jerky        |       |       |       |     1 |       ||     1
       Pizza             |       |       |       |       |     3 ||     3
